 Dungeon Crawl Stone Soup version 0.26-a0-708-g17f3b190f9 (webtiles) character file.

Game seed: 15168399426574844068

3 miscthings the Chiller (level 1, -1/7 HPs)
             Began as a Felid Ice Elementalist on Oct 29, 2020.
             Killed from afar by a dart slug (5 damage)
             ... with a slug dart
             ... on level 1 of the Dungeon.
             The game lasted 00:00:28 (145 turns).

miscthings the Chiller (Felid Ice Elementalist)      Turns: 145, Time: 00:00:29

Health: -1/7       AC:  1    Str:  4    XL:     1   Next: 41%
Magic:  4/4        EV: 18    Int: 16    God:
Gold:   7          SH:  0    Dex: 16    Spells: 3/4 levels left
                                        Lives:  0   Deaths: 0

rFire    . . .     SeeInvis +   (weapon unavailable)
rCold    . . .     Faith    .   (shield unavailable)
rNeg     . . .     Spirit   .   (armour unavailable)
rPois    .         Reflect  .   (helmet unavailable)
rElec    .         Harm     .   (cloak unavailable)
rCorr    .         Rampage  .   (gloves unavailable)
MR       .....                  (boots unavailable)
Stlth    +++.......             (no amulet)
HPRegen  0.02/turn              (no ring)
MPRegen  0.09/turn              (no ring)

@: quick
A: very small, no armour, no weapons or thrown items, stealth, claws 1, fangs 3,
see invisible, speed 1, shaggy fur 1, sharp paws
a: no special abilities


You were on level 1 of the Dungeon.
You visited 1 branch of the dungeon, and saw 2 of its levels.

You collected 7 gold pieces.

Inventory:

Potions
 a - a potion of mutation {unknown}


   Skills:
 - Level 2.6 Dodging
 - Level 2.6 Stealth
 - Level 2.0 Spellcasting
 + Level 3.8 Ice Magic


You had 3 spell levels left.
You knew the following spells:

 Your Spells              Type           Power        Failure   Level
a - Freeze                Ice            ##..         4%          1

Your spell library contained the following spells:

 Spells                   Type           Power        Failure   Level
 Frozen Ramparts          Ice            ##....       13%         3
 Ozocubu's Armour         Ice            ##......     13%         3
 Hailstorm                Conj/Ice       #.......     67%         4
 Summon Ice Beast         Ice/Summ       #.......     67%         4


Dungeon Overview and Level Annotations

Branches:
Dungeon (2/15)

Altars:


Innate Abilities, Weirdness & Mutations

You cannot wear armour.
You are incapable of wielding weapons or throwing items.
Your paws allow you to move quietly. (Stealth)
You have sharp claws.
You have razor-sharp teeth.
You have supernaturally acute eyesight. (SInv)
You cover ground quickly.
You are covered in fur. (AC +1)
Your sharp claws are effective at attacking unaware monsters.


Message History

Confirm with . or Enter, or press ? or * to list all spells.
Aiming: Freeze (safe; 4% risk of failure)
Press: ? - help, Shift-Dir - straight line, f - bat
Aim: a bat You freeze the bat.
You kill the bat!
There is an open door here.
A dart slug comes into view.
A dart slug is nearby!
A dart slug is nearby!
A giant cockroach comes into view.
A frilled lizard comes into view.
You pounce on the unaware helpless dart slug!
You scratch the dart slug.
The dart slug is heavily wounded.
The giant cockroach completely misses you.
The dart slug launches a dart at you. The slug dart hits you.
Ouch! That really hurt!
You die...

#####.#.......####..
#...##
......'.............
#..###
..#####.....).####..
+..+><
#(...##.....###
#..### ####...#..#.#
#. ###...##.# .
######.####### .
#.......# ..
####..@.# .. ##.Bw.#
#......# ..l......#
.......##..
#.......# #
#.......# #.......#


You could see a dart slug, a giant cockroach and a frilled lizard.

Vanquished Creatures
  2 bats (D:1)
  A jackal (D:2)
3 creatures vanquished.

Notes
Turn   | Place    | Note
-------+----------+-------------------------------------------
     0 | D:1      | miscthings the Felid Ice Elementalist began the quest for
                  | the Orb.
     0 | D:1      | Reached XP level 1. HP: 7/7 MP: 4/4
   145 | D:1      | Killed from afar by a dart slug

Illustrated notes

Levels and vault maps discovered:
D:1:      dpeg_arrival_refuge, layout_basic
D:2:      layout_loops_ring, nicolae_overflow_crystal_walls,
          lemuel_coloured_pillars_altar

Action                   || total
-------------------------++-------
Melee: Unarmed           ||     8
 Cast: Freeze            ||     5
 Stab: Sleeping          ||     1
Dodge: Dodged            ||    18

Table legend: (Time is in decaauts)
 A = Elapsed time spent in this place.
 B = Non-inter-level travel time spent in this place.
 C = Inter-level travel time spent in this place.
 D = Time resting spent in this place.
 E = Time spent auto-exploring this place.
 F = Levels seen in this place.
 G = Mean time per level.
                   A        B        C        D        E       F      G
               +--------+--------+--------+--------+--------+-----+--------+
         Total |    122 |    122 |      0 |      8 |     65 |   2 |   61.0 |
       Dungeon |    122 |    122 |      0 |      8 |     65 |   2 |   61.0 |
               +--------+--------+--------+--------+--------+-----+--------+

Top non-repeatable levels by time:
     D:1: 102 daAuts
     D:2: 19 daAuts
